 Dungeon Crawl Stone Soup version 0.27-a0-78-g75406f0b48 (webtiles) character file.

Game seed: 9657747973529888365

688 BeastOfSaturn the Conjurer (level 7, 0/59 HPs)
             Began as a White Draconian Conjurer on Jan 13, 2021.
             Slain by Duvessa
             ... wielding a +1 short sword of venom
              (5 damage)
             ... on level 4 of the Dungeon on Jan 14, 2021.
             The game lasted 00:20:09 (4853 turns).

BeastOfSaturn the Conjurer (DrCj)                   Turns: 4853, Time: 00:20:10

Health: 0/59       AC:  7    Str: 11    XL:     7   Next: 36%
Magic:  5/11       EV: 13    Int: 18    God:
Gold:   246        SH:  0    Dex: 10    Spells: 5/12 levels left

rFire    . . .     SeeInvis .   l - +0 falchion (protect)
rCold    + . .     Faith    .   (no shield)
rNeg     . . .     Spirit   .   (armour unavailable)
rPois    +         Reflect  .   (helmet restricted)
rElec    .         Harm     .   (no cloak)
rCorr    .         Rampage  .   (no gloves)
Will     +....                  a - +0 pair of boots
Stlth    ++........             (no amulet)
HPRegen  0.19/turn              k - ring of willpower
MPRegen  0.12/turn              g - ring of poison resistance

@: lethally poisoned (0 -> -11), short of breath
A: breathe frost, unfitting armour, cold resistance 1, cold-blooded, AC +6
a: Breathe Frost


You were on level 4 of the Dungeon.
You visited 1 branch of the dungeon, and saw 4 of its levels.

You collected 246 gold pieces.

Inventory:

Hand Weapons
 c - a +0 whip
 l - a +0 falchion of protection (weapon)
 n - a +0 war axe
 q - a +0 long sword
Armour
 a - a +0 pair of boots (worn)
Jewellery
 f - an uncursed ring of magical power
 g - a ring of poison resistance (right hand)
 k - a ring of willpower (left hand)
Wands
 d - a wand of flame (35)
Scrolls
 b - a scroll of teleportation {unknown}
 h - 3 scrolls of magic mapping
 j - 2 scrolls of enchant armour
 o - 2 scrolls of remove curse {unknown}
 p - a scroll of immolation {unknown}
 r - 2 scrolls of identify
Potions
 e - 2 potions of flight
 i - a potion of attraction
 m - 2 potions of brilliance


   Skills:
 * Level 4.1 Fighting
 * Level 4.7 Dodging
 - Level 1.7 Stealth
 - Level 3.0 Spellcasting
 - Level 6.0 Conjurations


You had 5 spell levels left.
You knew the following spells:

 Your Spells              Type           Power        Failure   Level
a - Magic Dart            Conj           96%          1%          1
b - Searing Ray           Conj           48%          1%          2
c - Iskenderun's Mystic   Conj/Tloc      13%          43%         4

Your spell library contained the following spells:

 Spells                   Type           Power        Failure   Level
 Dazzling Flash           Conj/Hex       26%          14%         3
 Fulminant Prism          Conj/Hex       6%           43%         4


Dungeon Overview and Level Annotations

Branches:
Dungeon (4/15)
 Temple: D:4-7

Altars:
Fedhas
Okawaru

Annotations:
D:4 Duvessa


Innate Abilities, Weirdness & Mutations

You can breathe waves of freezing cold.
You can buffet flying creatures when you breathe cold.
Your icy white scales are hard. (AC +6)
You cannot fit into any form of body armour.
Your flesh is cold resistant. (rC+)
You are cold-blooded and may be slowed by cold attacks.


Message History

You feel sick. Duvessa closely misses you.
You riposte.
You hit Duvessa but do no damage.
Your weapon exudes an aura of protection.
Duvessa is lightly wounded.
You feel sick.
You hear a shout!
Okay, then.
An orc comes into view.
It is wielding a +2 flail of protection.
The orc shouts!
You feel sick.
Duvessa rages.
Duvessa hits you with a +1 short sword of venom.
* * * LOW HITPOINT WARNING * * *
You are lethally poisoned!
* * * LOW HITPOINT WARNING * * *
You feel sick.
* * * LOW HITPOINT WARNING * * *
You feel sick.
Duvessa hits you with a +1 short sword of venom.
You die...

#....).((P.PPP.#
#......#(PP_PP.#
##.....(....PP..#
.........†PPP...##
..S.....(#..#....#
.........###....##
.......(.#.....##
.......#..e..###
.......##.@...#
.......##....##
#.........#.....#
#..#............#
..............###
...............#
####.............#
#.#.........##..##
#...##.......####


You could see Duvessa (berserk) and an adder (wandering).

Vanquished Creatures
  Menkaure (D:4)
  An ogre (D:3)
  A centaur (D:4)
  Dowan (D:4)
  An orc wizard (D:3)
  A worker ant (D:4)
  Natasha (thrice) (D:4 D:3)
  A hound skeleton (D:4)
  5 gnolls
  7 adders
  An ooze (D:1)
  A worm (D:2)
  2 dart slugs
  A leopard gecko (D:3)
  8 orcs
  6 giant cockroaches
  8 goblins
  10 hobgoblins
  7 jackals
  A quokka (D:2)
  4 ball pythons
  4 bats
  4 frilled lizards
  12 kobolds
  9 rats
100 creatures vanquished.

Notes
Turn   | Place    | Note
-------+----------+-------------------------------------------
     0 | D:1      | BeastOfSaturn the Draconian Conjurer began the quest for
                  | the Orb.
     0 | D:1      | Reached XP level 1. HP: 14/14 MP: 3/3
   177 | D:1      | Reached XP level 2. HP: 20/20 MP: 1/5
   185 | D:1      | Learned a level 2 spell: Searing Ray
   544 | D:1      | Reached XP level 3. HP: 23/26 MP: 6/6
   976 | D:2      | Reached skill level 5 in Conjurations
  1325 | D:2      | Reached XP level 4. HP: 28/33 MP: 7/7
  1760 | D:2      | Reached XP level 5. HP: 33/38 MP: 1/9
  1854 | D:2      | Found an iron altar of Okawaru.
  1859 | D:2      | Upgraded the game from 0.27-a0-76-ga51d4ba9de to
                  | 0.27-a0-78-g75406f0b48
  2091 | D:2      | Learned a level 4 spell: Iskenderun's Mystic Blast
  2217 | D:3      | Reached skill level 6 in Conjurations
  3257 | D:4      | Noticed Natasha
  3257 | D:4      | Noticed an ogre
  3264 | D:4      | Killed Natasha
  3601 | D:3      | Killed an ogre
  3602 | D:3      | Reached skill level 1 in Fighting
  3602 | D:3      | Reached XP level 6. HP: 22/48 MP: 4/10
  3793 | D:4      | Noticed Duvessa
  3796 | D:4      | Noticed Natasha
  3797 | D:4      | Noticed Dowan
  3808 | D:3      | Killed Natasha
  4306 | D:3      | Noticed Natasha
  4317 | D:3      | Killed Natasha
  4668 | D:4      | Noticed Menkaure
  4674 | D:4      | Killed Menkaure
  4675 | D:4      | Your scales start taking on an icy white colour.
  4675 | D:4      | Reached XP level 7. HP: 45/57 MP: 5/11
  4675 | D:4      | Gained mutation: Your flesh is cold resistant. (rC+) [White
                  | Draconian growth]
  4805 | D:4      | Found a blossoming altar of Fedhas.
  4840 | D:4      | Killed Dowan
  4853 | D:4      | Slain by Duvessa

Illustrated notes

Levels and vault maps discovered:
D:1:      amcnicky_arrival_gap_in_the_tavern_cellar, layout_basic,
          hangedman_decor_growths
D:2:      minmay_chambers_of_twos, layout_basic, st_stairs_13,
          kennysheep_okawaru_gauntlet
D:3:      layout_basic
D:4:      layout_cave_pools, fedhas_bush_and_centaur_altar, uniq_natasha,
          uniq_crazy_yiuf_cottage, uniq_duvessa, uniq_menkaure

Skill      XL: |  1  2  3  4  5  6  7 |
---------------+----------------------+-----
Dodging        | 2 3 4 |  4.7
Conjurations   | 5 6 |  6.0
Spellcasting   | 3 |  3.0
Fighting       | 1 3 4 |  4.1
Stealth        | |  1.7

Action                   |  1- 3 |  4- 6 |  7- 9 || total
-------------------------+-------+-------+-------++-------
Melee: Whip              |    98 |    52 |       ||   150
       Tailslap          |     8 |    11 |     2 ||    21
       War axe           |       |    59 |       ||    59
       Long sword        |       |    22 |       ||    22
       Falchion          |       |     9 |    33 ||    42
 Cast: Magic Dart        |    18 |    14 |     2 ||    34
       Searing Ray       |     5 |    17 |     2 ||    24
 Abil: Breathe Frost     |       |       |     1 ||     1
  Use: Scroll            |     5 |     2 |       ||     7
       Potion            |       |     2 |       ||     2
 Stab: Sleeping          |     2 |     2 |       ||     4
Armor: Skin              |    36 |    70 |    22 ||   128
Dodge: Dodged            |    72 |   153 |    42 ||   267
       Rpst.: Long sword |       |    14 |       ||    14
       Falchion          |       |     3 |    11 ||    14

Table legend: (Time is in decaauts)
 A = Elapsed time spent in this place.
 B = Non-inter-level travel time spent in this place.
 C = Inter-level travel time spent in this place.
 D = Time resting spent in this place.
 E = Time spent auto-exploring this place.
 F = Levels seen in this place.
 G = Mean time per level.
                   A        B        C        D        E       F      G
               +--------+--------+--------+--------+--------+-----+--------+
         Total |   4925 |   4866 |     59 |   1166 |   2409 |   4 | 1231.2 |
       Dungeon |   4925 |   4866 |     59 |   1166 |   2409 |   4 | 1231.2 |
               +--------+--------+--------+--------+--------+-----+--------+

Top non-repeatable levels by time:
     D:3: 2255 daAuts
     D:2: 1430 daAuts
     D:1: 905 daAuts
     D:4: 334 daAuts
